 Dungeon Crawl Stone Soup version 0.30-a0-613-gdd512c7efb (webtiles) character file.

Game seed: 8340542764014747952

1066 timneilson the Shield-Bearer (level 8, -2/48 HPs)
             Began as a Gargoyle Fighter on Jan 9, 2023.
             Was an Initiate of Qazlal.
             Slain by an orc
             ... wielding a +0 war axe
              (4 damage)
             ... on level 5 of the Dungeon.
             The game lasted 00:08:24 (3906 turns).

timneilson the Shield-Bearer (Gargoyle Fighter)     Turns: 3906, Time: 00:08:25

Health: -2/48      AC: 13    Str: 22    XL:     8   Next: 28%
Magic:  8/8        EV: 10    Int:  9    God:    Qazlal [......]
Gold:   226        SH:  5    Dex:  9    Spells: 7/7 levels left

rFire   + . .      SeeInvis .    a - +0 long sword
rCold   . . .      Faith    .    c - +0 buckler
rNeg    + . .      Spirit   .    b - +0 scale mail
rPois   ∞          Reflect  .    e - +2 hat
rElec   +          Harm     .    r - +0 cloak
rCorr   .          Rampage  .    (no gloves)
Will    .....                    (no boots) Stlth
                                 (no amulet)
HPRegen 0.28/turn                t - ring of protection from fire
MPRegen 0.11/turn                (no ring)

@: no status effects
A: sickness immunity, AC +5, negative energy resistance 1, electricity
resistance, torment resistance 1, petrification resistance, deformed body,
subdued magic 1, sturdy frame 1
a: Renounce Religion


You were on level 5 of the Dungeon.
You worshipped Qazlal.
Qazlal was noncommittal.
You visited 2 branches of the dungeon, and saw 6 of its levels.

You collected 226 gold pieces.

Inventory:

Hand Weapons
 a - a +0 long sword (weapon)
Armour
 b - a +0 scale mail (worn)
 c - a +0 buckler (worn)
 e - a +2 hat (worn)
 f - a +0 chain mail
 r - a +0 cloak (worn)
Jewellery
 d - a ring of flight
 l - a ring of magical power
 t - a ring of protection from fire (left hand)
Wands
 k - a wand of quicksilver (11)
 q - a wand of flame (11)
Scrolls
 g - 2 scrolls of fear
 n - a scroll of amnesia
 u - a scroll of torment {unknown}
 w - a scroll of identify
Potions
 h - 3 potions of flight
 i - a potion of mutation
 j - 2 potions of berserk rage {unknown}
 m - a potion of cancellation {unknown}
 o - 2 potions of experience {unknown}
 p - a potion of brilliance {unknown}
 s - a potion of heal wounds {unknown}
 v - a potion of attraction {unknown}


   Skills:
 + Level 4.7 Fighting
 * Level 4.4 Long Blades
 * Level 5.9 Armour
 + Level 2.2 Dodging
 * Level 5.9 Shields
 + Level 0.8 Invocations
 + Level 1.9 Evocations


You had 7 spell levels left.
You didn't know any spells.
Your spell library contained the following spells:

 Spells                   Type           Power      Damage    Failure   Level
 Magic Dart               Conj           0%         1d3       63%         1
 Call Imp                 Summ           0%         N/A       77%         2
 Mephitic Cloud           Conj/Pois/Air  0%         N/A       94%         3


Dungeon Overview and Level Annotations

Branches:
Dungeon (5/15)             Temple (1/1) D:5

Altars:
Ashenzari
Cheibriados
Dithmenos
Elyvilon
Fedhas
Gozag
Hepliaklqana
Kikubaaqudgha
Makhleb
Nemelex Xobeh
Qazlal
Ru
Trog
Uskayaw
Vehumet
Wu Jian
Xom
Yredelemnul
Zin

Shops:
D:4 *


Innate Abilities, Weirdness & Mutations

You are immune to sickness and miasma.
Your stone body is resilient. (AC +5)
You are immune to poison.
You resist negative energy. (rN+)
You are resistant to electric shocks. (rElec)
You are resistant to unholy torment.
You are immune to petrification.
Armour fits poorly on your strangely shaped body.
Your spells are a little easier to cast, but a little less powerful.
Your movements are slightly less encumbered by armour. (ER -2)


Message History

The gnoll is lightly wounded.
You block the gnoll's attack.
You hit the gnoll.
The gnoll is heavily wounded.
The gnoll hits you but does no damage.
You slash the gnoll!
You kill the gnoll!
Qazlal accepts your kill. The gnoll hits you with a +0 club.
* * * LOW HITPOINT WARNING * * *
You slash the gnoll!
The gnoll is severely wounded.
The gnoll hits you with a +0 club.
* * * LOW HITPOINT WARNING * * *
You slash the gnoll!
You kill the gnoll!
Qazlal accepts your kill.
You closely miss the orc. The orc misses you.
You barely miss the orc. The orc hits you but does no damage.
You block the orc's attack.
You hit the orc but do no damage. The orc closely misses you.
You closely miss the orc. The orc barely misses you.
You hit the orc.
The orc is heavily wounded.
The orc hits you but does no damage.
You closely miss the orc.
The orc is heavily wounded.
You block the orc's attack.
You barely miss the orc.
The orc is heavily wounded.
The orc closely misses you.
You hit the orc.
The orc is almost dead.
The orc hits you with a +0 war axe!
* * * LOW HITPOINT WARNING * * *
The orc hits you but does no damage.
You closely miss the orc.
The orc is almost dead.
The orc hits you with a +0 war axe.
You die...

.# #.##..#.# .
##.##..#.##<#
.##......#.##.#
..............#
###..####..##....
#..# #..##.# # #..#
#..##.#
#..####..##.#######
....)........o@.).#
##..........######)#
#######.#### #.# #.
#.# #. #.. #. ### #.


You could see an orc.

Vanquished Creatures
  Grinder (D:3)
  Sigmund (D:2)
  An ice beast (D:5)
  2 scorpions (D:4)
  A necrophage (D:3)
  A hound (D:4)
  Crazy Yiuf (D:3)
  3 orc priests
  Jessica (D:2)
  An iguana (D:5)
  2 orc wizards
  Terence (D:3)
  6 adders
  2 gnolls (D:5)
  A white imp (D:4)
  2 worms (D:2)
  4 dart slugs
  6 orcs
  4 ball pythons
  8 endoplasms
  4 giant cockroaches
  10 goblins
  9 hobgoblins
  3 jackals (D:1)
  6 quokkas
  7 bats
  3 frilled lizards
  9 kobolds
  4 rats (D:1)
104 creatures vanquished.

Vanquished Creatures (others)
  9 plants (D:1)
9 creatures vanquished.

Grand Total: 113 creatures vanquished

Notes
Turn   | Place    | Note
-------+----------+-------------------------------------------
     0 | D:1      | timneilson the Gargoyle Fighter began the quest for the
                  | Orb.
     0 | D:1      | Reached XP level 1. HP: 14/14 MP: 1/1
   120 | D:1      | Reached XP level 2. HP: 19/19 MP: 2/2
   325 | D:1      | Found a faded altar of an unknown god.
   597 | D:1      | Reached XP level 3. HP: 22/23 MP: 3/3
   902 | D:2      | Noticed Sigmund
   911 | D:2      | Killed Sigmund
   912 | D:2      | Reached skill level 1 in Dodging
   912 | D:2      | Reached XP level 4. HP: 29/29 MP: 4/4
   912 | D:2      | Reached XP level 5. HP: 33/33 MP: 5/5
  1132 | D:2      | Noticed Jessica
  1141 | D:2      | Killed Jessica
  1142 | D:2      | Reached XP level 6. HP: 7/38 MP: 6/6
  1501 | D:3      | Found a shimmering altar of Xom.
  1677 | D:3      | Noticed Terence
  1691 | D:3      | Killed Terence
  1851 | D:3      | Noticed Grinder
  1870 | D:3      | Paralysed by Grinder for 3 turns
  1891 | D:3      | Killed Grinder
  1892 | D:3      | Reached skill level 5 in Armour
  1892 | D:3      | Reached skill level 5 in Shields
  1892 | D:3      | Reached skill level 1 in Evocations
  1892 | D:3      | Reached XP level 7. HP: 24/43 MP: 7/7
  2063 | D:3      | Found a hide-covered altar of Uskayaw.
  2249 | D:3      | Found a runed translucent door.
  2250 | D:3      | Noticed Crazy Yiuf
  2265 | D:3      | Killed Crazy Yiuf
  2593 | D:4      | Found Nyleaqo's General Store.
  3123 | D:4      | Found a white marble altar of Elyvilon.
  3661 | D:5      | Entered Level 5 of the Dungeon
  3664 | D:5      | Found a staircase to the Ecumenical Temple.
  3679 | Temple   | Entered the Ecumenical Temple
  3723 | Temple   | Became a worshipper of Qazlal Stormbringer
  3808 | D:5      | Reached XP level 8. HP: 43/48 MP: 8/8
  3884 | D:5      | Gained mutation: Your spells are a little easier to cast,
                  | but a little less powerful. [potion of mutation]
  3884 | D:5      | Gained mutation: Armour fits poorly on your strangely
                  | shaped body. [potion of mutation]
  3884 | D:5      | Gained mutation: Your movements are slightly less
                  | encumbered by armour. (ER -2) [potion of mutation]
  3905 | D:5      | HP: 2/48 [orc/+0 war axe (8)]
  3906 | D:5      | Slain by an orc

Illustrated notes

Levels and vault maps discovered:
D:1:      dpeg_arrival_tiny_a, layout_basic, dilly_ecumenical_altar_fadedgnrine
D:2:      layout_loops_ring, uniq_sigmund, uniq_jessica
D:3:      layout_loops_ring, mainiacjoe_overflow_boulevard,
          nicolae_uskayaw_suspiria, nicolae_eternal_life, uniq_grinder,
          uniq_crazy_yiuf_cottage, uniq_terence
D:4:      layout_cave_pods, kennysheep_mini_moat, serial_shops,
          nicolae_stop_n_shop_2, kennysheep_generic_room_2
D:5:      layout_loops_ring, lemuel_round_altar, temple_pool_b, enter_ossuary_4,
          uniq_prince_ribbit1
Temple:   nicolae_temple_x_marks_the_god

Skill      XL: |  1  2  3  4  5  6  7 |
---------------+----------------------+-----
Long Blades    | 2 3 4 |  4.4
Armour         | 4 5 |  5.9
Dodging        | 1 2 |  2.2
Shields        | 4 5 |  5.9
Fighting       | 4 |  4.7
Evocations     | 1 |  1.9
Invocations    | |  0.8

Action                   |  1- 3 |  4- 6 |  7- 9 || total
-------------------------+-------+-------+-------++-------
Melee: Long sword        |   163 |   112 |   289 ||   564
  Use: Scroll            |     3 |     2 |     4 ||     9
       Potion            |     1 |       |     3 ||     4
Armor: Scale mail        |   109 |    54 |   177 ||   340
Dodge: Dodged            |   100 |    49 |   134 ||   283
Block: Buckler           |    60 |    22 |    80 ||   162

Table legend: (Time is in decaauts)
 A = Elapsed time spent in this place.
 B = Non-inter-level travel time spent in this place.
 C = Inter-level travel time spent in this place.
 D = Time resting spent in this place.
 E = Time spent auto-exploring this place.
 F = Levels seen in this place.
 G = Mean time per level.
                   A        B        C        D        E       F      G
               +--------+--------+--------+--------+--------+-----+--------+
         Total |   4060 |   3894 |    166 |      0 |   2655 |   6 |  676.7 |
       Dungeon |   4008 |   3842 |    166 |      0 |   2655 |   5 |  801.6 |
        Temple |     52 |     52 |      0 |      0 |      0 |   1 |   52.0 |
               +--------+--------+--------+--------+--------+-----+--------+

Top non-repeatable levels by time:
     D:3: 1183 daAuts
     D:4: 1088 daAuts
     D:2: 868 daAuts
     D:1: 653 daAuts
     D:5: 214 daAuts
  Temple: 52 daAuts
